 Dungeon Crawl Stone Soup version 0.30-a0-4-ga7cffc901d (webtiles) character file.

Game seed: 1761588872979589938

34 xian the Firebug (level 3, 0/26 HPs)
             Began as a Draconian Fire Elementalist on Aug 22, 2022.
             Succumbed to an adder's poison
             ... on level 2 of the Dungeon.
             The game lasted 00:01:53 (1217 turns).

xian the Firebug (Draconian Fire Elementalist)      Turns: 1217, Time: 00:01:54

Health: 0/26       AC:  5    Str: 12    XL:     3   Next: 14%
Magic:  0/6        EV: 12    Int: 15    God:
Gold:   17         SH:  0    Dex: 11    Spells: 5/6 levels left

rFire   . . .      SeeInvis .    j - +0 dagger
rCold   . . .      Faith    .    (no shield)
rNeg    . . .      Spirit   .    (body armour unavailable)
rPois   .          Reflect  .    (helmet restricted)
rElec   .          Harm     .    (no cloak)
rCorr   .          Rampage  .    (no gloves)
Will    .....                    (no boots)
Stlth   ++........               (no amulet)
HPRegen 0.08/turn                (no ring)
MPRegen 0.10/turn                (no ring)

@: mighty, lethally poisoned (0 -> -3)
A: AC +5, unfitting armour, cold-blooded
a: no special abilities


You were on level 2 of the Dungeon.
You visited 1 branch of the dungeon, and saw 2 of its levels.

You collected 17 gold pieces.

Inventory:

Hand Weapons
 j - a +0 dagger (weapon)
Jewellery
 h - a ring of poison resistance
Scrolls
 d - a scroll of vulnerability {unknown}
 e - a scroll of immolation {unknown}
 f - a scroll of identify {unknown}
 g - a scroll of blinking {unknown}
Potions
 a - a potion of magic


   Skills:
 + Level 0.5 Maces & Flails
 + Level 1.8 Dodging
 + Level 1.9 Stealth
 + Level 2.2 Spellcasting
 + Level 1.2 Conjurations
 + Level 3.8 Fire Magic


You had 5 spell levels left.
You knew the following spells:

 Your Spells              Type           Power      Damage    Failure   Level
a - Foxfire               Conj/Fire      36%        2x1d5     8%          1

Your spell library contained the following spells:

 Spells                   Type           Power      Damage    Failure   Level
 Scorch                   Fire           26%        2d6       7%          2
 Conjure Flame            Conj/Fire      9%         6-21      22%         3
 Inner Flame              Hex/Fire       7%         N/A       30%         3
 Flame Wave               Conj/Fire      9%         2d6       58%         4


Dungeon Overview and Level Annotations

Branches:
Dungeon (2/15)

Altars:


Innate Abilities, Weirdness & Mutations

Your plain brown scales are hard. (AC +5)
You cannot fit into any form of body armour.
You are cold-blooded and may be slowed by cold attacks.


Message History

The adder poisons you! The adder bites you.
* * * LOW HITPOINT WARNING * * *
It was a potion of heal wounds.
You feel much better.
You feel sick. The adder bites you.
You are more poisoned.
The adder poisons you!
Unknown command.
The adder attacks as you move away! The adder bites you.
You are more poisoned.
The adder poisons you!
You feel very sick.
You feel very sick. The adder attacks as you move away!
The adder barely misses you.
You feel sick. The adder bites you.
* * * LOW HITPOINT WARNING * * *
You are too injured to fight recklessly!
Unknown command.
Casting: Foxfire (safe; 8% risk of failure)
Confirm with . or Enter, or press ? or * to list all spells.
You conjure some foxfire!
* * * LOW HITPOINT WARNING * * *
You feel sick. The adder barely misses you.
It was a potion of might.
You feel very mighty all of a sudden.
* * * LOW HITPOINT WARNING * * *
You feel sick.
The foxfire hits the adder.
The adder is heavily wounded.
The foxfire hits the adder.
The adder is severely wounded.
The adder bites you.
* * * LOW HITPOINT WARNING * * *
You puncture the adder!
You kill the adder!
* * * LOW HITPOINT WARNING * * *
You feel sick.
You have reached level 3!
Your experience leads to an increase in your attributes!
Increase (S)trength, (I)ntelligence, or (D)exterity?
You feel stronger. x2; Your scales feel tougher.
You die...

##### .....#####
############
.........###..........#
#...†......@.###.##
#<#.........†.....#
#...#####.####.###..#
#...# #.# #.# # #...#
##.####.# #...#
......†.# #....
...####.# #.#.# #..#
#(# ..... ........#


There were no monsters in sight!

Vanquished Creatures
  2 adders (D:2)
  2 ball pythons
  2 endoplasms (D:1)
  A goblin (D:1)
  4 hobgoblins (D:1)
  A bat (D:1)
  2 frilled lizards (D:1)
  A kobold (D:1)
15 creatures vanquished.

Vanquished Creatures (others)
  33 foxfires
33 creatures vanquished.

Grand Total: 48 creatures vanquished

Notes
Turn   | Place    | Note
-------+----------+-------------------------------------------
     0 | D:1      | xian the Draconian Fire Elementalist began the quest for
                  | the Orb.
     0 | D:1      | Reached XP level 1. HP: 14/14 MP: 3/3
   606 | D:1      | Reached XP level 2. HP: 20/20 MP: 1/5
  1216 | D:2      | HP: 1/20 [poisoned by an adder]
  1217 | D:2      | Reached XP level 3. HP: 1/26 MP: 0/6
  1217 | D:2      | Succumbed to an adder's poison

Illustrated notes

Levels and vault maps discovered:
D:1:      minmay_arrival_open_corners, layout_basic
D:2:      layout_loops_ring, nicolae_ecumenical_pavilion,
          uniq_crazy_yiuf_cottage

Action                   || total
-------------------------++-------
Melee: Mace              ||    12
       Dagger            ||    14
 Cast: Foxfire           ||    29
  Use: Potion            ||     2
Armor: Skin              ||    10
Dodge: Dodged            ||    27

Table legend: (Time is in decaauts)
 A = Elapsed time spent in this place.
 B = Non-inter-level travel time spent in this place.
 C = Inter-level travel time spent in this place.
 D = Time resting spent in this place.
 E = Time spent auto-exploring this place.
 F = Levels seen in this place.
 G = Mean time per level.
                   A        B        C        D        E       F      G
               +--------+--------+--------+--------+--------+-----+--------+
         Total |   1220 |   1162 |     58 |      0 |   1003 |   2 |  610.0 |
       Dungeon |   1220 |   1162 |     58 |      0 |   1003 |   2 |  610.0 |
               +--------+--------+--------+--------+--------+-----+--------+

Top non-repeatable levels by time:
     D:1: 1166 daAuts
     D:2: 53 daAuts
